 Dungeon Crawl Stone Soup version 0.27-a0-684-g359e429f13 (webtiles) character file.

Game seed: 13220405101361996402

1302 DarkShadow the Ruffian (level 8, -2/75 HPs)
             Began as a Troll Fighter on Mar 20, 2021.
             Was an Initiate of Ashenzari.
             Slain by a centaur (7 damage)
             ... on level 5 of the Dungeon.
             The game lasted 00:16:47 (4419 turns).

DarkShadow the Ruffian (Troll Fighter)              Turns: 4419, Time: 00:16:48

Health: -2/75      AC:  0    Str: 27    XL:     8   Next: 31%
Magic:  7/7        EV:  7    Int:  4    God:    Ashenzari [......]
Gold:   224        SH: 16    Dex:  9    Spells: 7/7 levels left

rFire    . . .     SeeInvis .     - Unarmed
rCold    . . .     Faith    .   n - +0 tower shield
rNeg     . . .     Spirit   .   a - +0 robe
rPois    .         Reflect  .   (helmet restricted)
rElec    .         Harm     .   (no cloak)
rCorr    .         Rampage  .   (gloves unavailable)
Will     .....                  (boots unavailable)
Stlth    +.........             (no amulet)
HPRegen  1.22/turn              (no ring)
MPRegen  0.10/turn              (no ring)

@: corroded
A: large, unfitting armour, claws 3, regeneration 1, shaggy fur 1, tough skin 1
a: Renounce Religion, Curse Item


You were on level 5 of the Dungeon.
You worshipped Ashenzari.
Ashenzari was noncommittal.
You visited 1 branch of the dungeon, and saw 5 of its levels.

You collected 224 gold pieces.

Inventory:

Hand Weapons
 r - a +1 battleaxe of venom
 t - a +0 giant club
Armour
 a - a +0 robe (worn)
 b - a +0 kite shield
 m - a +0 chain mail
 n - a +0 tower shield (worn)
Wands
 q - a wand of digging (7)
 v - a wand of mindburst (10)
Scrolls
 d - a scroll of vulnerability
 f - a scroll of immolation
 g - a scroll of summoning
 l - 2 scrolls of identify
 o - 2 scrolls of amnesia
 u - a scroll of enchant armour
 w - a scroll of blinking
 x - a scroll of teleportation
Potions
 c - 2 potions of might
 e - 2 potions of mutation
 h - 3 potions of curing
 i - a potion of brilliance
 j - 2 potions of haste
 p - a potion of resistance
 s - a potion of invisibility
 z - a potion of cancellation


   Skills:
 + Level 3.5 Fighting
 + Level 4.5 Dodging
 + Level 0.6 Stealth
 + Level 5.5 Shields
 + Level 6.0 Unarmed Combat


You had 7 spell levels left.
You didn't know any spells.
Your spell library contained the following spells:

 Spells                   Type           Power      Damage    Failure   Level
 Summon Small Mammal      Summ           0%         N/A       99%         1
 Call Imp                 Summ           0%         N/A       100%        2
 Call Canine Familiar     Summ           0%         N/A       100%        3
 Summon Guardian Golem    Hex/Summ       0%         N/A       100%        3
 Summon Ice Beast         Ice/Summ       0%         N/A       100%        4
 Summon Lightning Spire   Summ/Air       0%         N/A       100%        4


Dungeon Overview and Level Annotations

Branches:
Dungeon (5/15)             Temple (0/1) D:5

Altars:
Ashenzari
Dithmenos
Fedhas
Gozag
Trog


Innate Abilities, Weirdness & Mutations

You are too large for most types of armour.
You have claws for hands.
Your natural rate of healing is unusually fast.
You are covered in fur. (AC +1)
You have tough skin. (AC +1)


Message History

Something hits you.
* * * LOW HITPOINT WARNING * * *
Something shocks you.
* * * LOW HITPOINT WARNING * * *
You feel much better. The centaur hits you. The jelly closely misses you.
Something hits you. Something shocks you. You block the centaur's attack.
You feel much better. You block the centaur's attack. The jelly hits you.
You are splashed with acid.
Something hits you. Something shocks you.
You closely miss something. The centaur hits you. You block the jelly's attack.
Something hits you. Something shocks you. You block the centaur's attack.
You scratch something. The centaur hits you. The jelly completely misses you.
A sky beast appears from thin air!
Reactivating autopickup.
You block the sky beast's attack. You block the centaur's attack.
The jelly closely misses you.
You miss the sky beast.
The sky beast is almost dead.
The centaur hits you!
* * * LOW HITPOINT WARNING * * *
You block the sky beast's attack. You block the jelly's attack.
The centaur hits you.
* * * LOW HITPOINT WARNING * * *
You claw the sky beast!
You kill the sky beast!
You block the centaur's attack. You block the jelly's attack.
Your Unarmed Combat skill increases to level 6!
You block the centaur's attack. The centaur closely misses you.
The jelly hits you.
* * * LOW HITPOINT WARNING * * *
You are splashed with acid!
* * * LOW HITPOINT WARNING * * *
You see here a sky beast corpse.
You barely miss the centaur. The centaur hits you.
* * * LOW HITPOINT WARNING * * *
You block the jelly's attack. You block the centaur's attack.
You feel better. You block the centaur's attack. You block the jelly's attack.
You barely miss the centaur. The centaur hits you!
* * * LOW HITPOINT WARNING * * *
You block the jelly's attack. The centaur hits you!
You die...

....... #..
...#.#.#.#...........##..
....#.>.#............##.#
.#.#.#.#.#...........##.#
....#.#.#............##..
.....#.#.............##..
.......................
#..#.##.............. .#
#...@........$.......
..##..Jc................
..#.........######.....
..#.......#.# #.....
#.#......##.# #.....
#.#......##.# ##....
#.#.<....#..# #....
#........#.## ....
##........<# ...


You could see a centaur and a jelly.

Vanquished Creatures
  3 ice beasts
  A sky beast (D:5)
  3 ogres
  A centaur (D:5)
  A scorpion (D:2)
  A bullfrog zombie (D:2)
  A bullfrog skeleton (D:5)
  An orc priest (D:4)
  A centaur skeleton (D:5)
  3 iguanas
  An orc wizard (D:4)
  3 worker ants (D:4)
  A worker ant zombie (D:5)
  11 adders
  3 white imps
  2 ufetubi (D:4)
  An ooze (D:3)
  4 worms
  3 dart slugs
  3 leopard geckos
  13 orcs
  5 bats
  4 giant cockroaches
  6 goblins
  4 hobgoblins (D:2)
  6 jackals
  3 quokkas
  2 ball pythons
  10 frilled lizards
  10 kobolds
  13 rats
124 creatures vanquished.

Vanquished Creatures (others)
  A plant (D:1)
1 creature vanquished.

Grand Total: 125 creatures vanquished

Notes
Turn   | Place    | Note
-------+----------+-------------------------------------------
     0 | D:1      | DarkShadow the Troll Fighter began the quest for the Orb.
     0 | D:1      | Reached XP level 1. HP: 22/22 MP: 0/0
     7 | D:1      | Noticed a wyvern
     7 | D:1      | Noticed a killer bee
     7 | D:1      | Noticed a hound
     8 | D:1      | Noticed an anaconda
     8 | D:1      | Noticed a polar bear
   111 | D:1      | Reached XP level 2. HP: 22/29 MP: 1/1
   841 | D:1      | Reached XP level 3. HP: 32/36 MP: 2/2
   978 | D:2      | Found a broken altar of Ashenzari.
   978 | D:2      | Noticed a scorpion
   985 | D:2      | Killed a scorpion
   986 | D:2      | Reached XP level 4. HP: 35/44 MP: 3/3
  1012 | D:2      | Became a worshipper of Ashenzari the Shackled
  1071 | D:2      | Reached skill level 3 in Unarmed Combat
  1210 | D:2      | Reached XP level 5. HP: 53/53 MP: 4/4
  1729 | D:2      | Found a faded altar of an unknown god.
  2421 | D:3      | Found an opulent altar of Gozag.
  2432 | D:3      | Reached skill level 4 in Unarmed Combat
  2568 | D:3      | Noticed a moth of wrath
  2572 | D:3      | Found a bloodstained altar of Trog.
  2689 | D:3      | Reached XP level 6. HP: 61/61 MP: 5/5
  3642 | D:4      | Reached XP level 7. HP: 66/67 MP: 6/6
  3980 | D:4      | Found a shadowy altar of Dithmenos.
  4043 | D:4      | Reached skill level 5 in Unarmed Combat
  4135 | D:5      | Entered Level 5 of the Dungeon
  4202 | D:5      | Reached skill level 5 in Shields
  4202 | D:5      | Reached XP level 8. HP: 68/75 MP: 7/7
  4210 | D:5      | Found a blossoming altar of Fedhas.
  4399 | D:5      | Found a staircase to the Ecumenical Temple.
  4416 | D:5      | Reached skill level 6 in Unarmed Combat
  4419 | D:5      | Slain by a centaur

Illustrated notes

Levels and vault maps discovered:
D:1:      onia_arrival_zoo_common, layout_loops_corners, serial_bayou_lagoon_a,
          roderic_nine_men_s_morris
D:2:      layout_basic, nicolae_ashenzari_skybound, serial_curves,
          eino_curves_03, eino_curves_03, chequers_ecumenical_altar_simple,
          minmay_misc_feat_rugged, kennysheep_nondescript, minmay_misc_feat_iff
D:3:      minmay_chambers_of_threes, layout_loops_cross, tgw_trog,
          nicolae_gozag_cash_rules_everything_around_me, gup_sewer_entry_bowl
D:4:      minmay_chambers_of_fours, layout_loops_cross,
          grunt_dithmenos_smoke_and_mirrors
D:5:      layout_rooms, nicolae_hepliaklqana_monster_ancestors,
          minmay_temple_entry_grid, fedhas_bush_and_centaur_altar

Skill      XL: |  1  2  3  4  5  6  7  8 |
---------------+-------------------------+-----
Shields        | 3 4 5 |  5.5
Unarmed Combat | 3 4 5 6 |  6.0
Fighting       | 3 |  3.5
Dodging        | 3 4 |  4.5
Stealth        | |  0.6

Action                   |  1- 3 |  4- 6 |  7- 9 || total
-------------------------+-------+-------+-------++-------
Melee: Unarmed           |    69 |   256 |   105 ||   430
  Use: Potion            |       |       |     5 ||     5
 Stab: Sleeping          |     1 |       |       ||     1
Armor: Robe              |    15 |    41 |    26 ||    82
Dodge: Dodged            |    19 |    48 |    42 ||   109
Block: Kite shield       |    29 |    45 |       ||    74
       Tower shield      |       |   143 |   142 ||   285

Table legend: (Time is in decaauts)
 A = Elapsed time spent in this place.
 B = Non-inter-level travel time spent in this place.
 C = Inter-level travel time spent in this place.
 D = Time resting spent in this place.
 E = Time spent auto-exploring this place.
 F = Levels seen in this place.
 G = Mean time per level.
                   A        B        C        D        E       F      G
               +--------+--------+--------+--------+--------+-----+--------+
         Total |   4537 |   4517 |     20 |    434 |   2502 |   5 |  907.4 |
       Dungeon |   4537 |   4517 |     20 |    434 |   2502 |   5 |  907.4 |
               +--------+--------+--------+--------+--------+-----+--------+

Top non-repeatable levels by time:
     D:3: 1148 daAuts
     D:2: 1086 daAuts
     D:4: 1050 daAuts
     D:1: 977 daAuts
     D:5: 274 daAuts
